Get step-by-step instructions on how to execute this build order below. Start the game timer, and the build order will tick by so you can play in parallel with StarCraft on a second screen or mobile device.

Game Time

  0:00

Last Step

  N/A

Next Step

Upcoming Step



Don't want to look back and forth between 2 screens? Try out our Overwolf App, the Spawning Tool Build Advisor to get an in-game overlay with this build!

Complete Build Order

  12  0:00  Drone  
  13  0:12  Overlord  
  13  0:21  Drone  
  14  0:30  Drone x2  
  14  0:34  Drone  
  17  0:54  Hatchery  
  16  0:57  Drone  
  16  0:59  Drone  
  18  1:12  Extractor  
  18  1:15  Spawning Pool  
  18  1:17  Drone  
  17  1:20  Drone  
  18  1:34  Drone  
  18  1:38  Overlord  
  19  1:49  Drone  
  20  2:02  Queen  
  20  2:03  Zergling x2  
  20  2:06  Queen  
  20  2:07  Zergling x2  
  26  2:12  Drone  
  27  2:16  Metabolic Boost  
  27  2:17  Drone  
  28  2:25  Drone  
  28  2:27  Drone  
  30  2:38  Hatchery  
  29  2:53  Queen  
  29  2:54  Overlord  
  31  3:10  Queen  
  31  3:12  Drone x5  
  37  3:23  Drone x4  
  41  3:28  Overlord  
  41  3:37  Drone x3  
  41  3:39  Overlord  
  44  3:48  Roach Warren  
  44  3:52  Overlord  
  44  3:54  Queen  
  45  4:03  Queen  
  45  4:04  Drone  
  45  4:05  Drone x2  
  45  4:07  Drone  
  45  4:09  Drone  
  52  4:10  Drone  
  52  4:14  Overlord  
  53  4:31  Roach  
  53  4:32  Roach x6  
  53  4:35  Roach  
  53  4:36  Roach  
  71  4:39  Roach  
  73  4:46  Pneumatized Carapace  
  73  4:49  Drone x3, Extractor  
  73  4:50  Drone x2, Extractor  
  73  4:51  Drone  
  77  5:01  Lair  
  77  5:03  Drone  
  77  5:04  Drone x2, Extractor  
  77  5:05  Drone  
  77  5:06  Drone  
  77  5:07  Drone  
  82  5:09  Overlord  
  82  5:23  Baneling Nest  
  81  5:29  Drone x3  
  81  5:30  Drone x2  
  81  5:34  Evolution Chamber  
  81  5:35  Evolution Chamber  
  84  5:38  Overlord x5  
  84  6:09  Centrifical Hooks, Glial Reconstitution  
  84  6:11  Zerg Missile Weapons Level 1  
  84  6:14  Zerg Ground Armor Level 1  
  84  6:15  Drone  
  84  6:16  Drone x11  
  96  6:19  Extractor  
  96  6:20  Hatchery  
  96  6:21  Extractor  
  88  6:41  Zergling x2  
  88  6:42  Zergling x24  
  96  7:03  Baneling  
  96  7:04  Baneling x5  
  82  7:32  Queen  
  81  7:41  Hydralisk Den  
  81  7:43  Zergling x20  
  90  7:50  Extractor  
  90  7:51  Extractor  
  87  8:05  Baneling x14  
  87  8:06  Ravager x2, Baneling x2  
  87  8:07  Ravager x2  
  91  8:16  Hatchery  
  91  8:17  Grooved Spines, Hydralisk  
  91  8:18  Hydralisk x2  
  96  8:21  Overlord x4  
  96  8:26  Drone x2  
  98  8:42  Zerg Missile Weapons Level 2  
  98  8:48  Zerg Ground Armor Level 2  
  98  9:09  Drone x12  
  114  9:10  Drone x6  
  114  9:11  Drone  
  117  9:20  Drone  
  118  9:24  Drone x3  
  118  9:25  Drone  
  118  9:26  Drone x5  
  118  9:30  Zergling x2  
  118  9:31  Zergling x2  
  129  9:40  Drone x3  
  129  9:41  Extractor  
  129  9:42  Drone  
  129  9:44  Zergling x2  
  129  9:45  Zergling x6  
  136  9:47  Overlord x2  
  136  9:54  Infestation Pit  
  112  10:14  Zergling x2  
  112  10:15  Zergling x28  
  127  10:36  Zergling x8  
  127  10:37  Zergling x4  
  127  10:38  Hatchery, Baneling  
  127  10:39  Baneling x19  
  127  10:40  Baneling x7  
  132  10:44  Hive  
  131  10:58  Zerg Melee Weapons Level 1  
  131  11:04  Hydralisk  
  131  11:05  Hatchery, Hydralisk x7  
  131  11:07  Overlord x2  
  146  11:24  Overlord x3  
  146  11:25  Overlord x2  
  146  11:32  Overlord x4  
  146  11:33  Overlord, Hydralisk x2  
  150  11:54  Zergling x22  
  151  11:55  Zergling x4  
  151  11:57  Hydralisk  
  165  12:03  Adrenal Glands  
  165  12:08  Queen, Ultralisk Cavern, Extractor  
  167  12:10  Extractor  
  164  12:25  Queen  
  166  12:37  Hydralisk x10  
  166  12:38  Hydralisk x5  
  196  12:44  Zerg Ground Armor Level 3  
  196  12:48  Muscular Augments  
  185  13:13  Zergling x2  
  185  13:14  Zergling x28  
  185  13:17  Chitinous Plating  
  200  13:21  Zerg Melee Weapons Level 2  
  161  14:13  Zergling x24  
  161  14:14  Zergling x24  
  172  14:18  Ultralisk x4  
  196  14:37  Baneling  
  196  14:38  Baneling x17  
  196  14:39  Baneling x9  
  196  14:52  Extractor  
  195  14:53  Hatchery  
  195  14:55  Extractor  
  195  14:56  Zergling x2  
  195  14:57  Zergling x2  
  152  15:31  Zergling x6  
  152  15:32  Zergling x46  
  147  15:54  Ultralisk x5  
  177  16:05  Hatchery  
  154  16:22  Zergling x2  
  154  16:23  Zergling x22  
  162  16:37  Zergling x20  
  172  16:41  Zerg Melee Weapons Level 3  
  172  16:42  Zerg Missile Weapons Level 3  
  172  16:57  Baneling  
  172  16:58  Baneling x21  
  172  17:00  Hatchery  
  171  17:06  Hydralisk  
  171  17:07  Hydralisk x2  
  161  17:14  Zergling x2  
  161  17:15  Zergling x10  
  146  17:30  Zergling x2  
  146  17:31  Zergling x22  
  137  18:16  Hydralisk  
  137  18:17  Hydralisk x13  
  123  18:33  Zergling x2  
  123  18:34  Zergling x18  
  116  19:05  Baneling Nest  
  110  19:14  Zergling x2  
  110  19:15  Zergling x34  
  105  19:29  Ultralisk  
  105  19:30  Ultralisk  
  99  19:48  Zergling x2  
  99  19:49  Zergling x30  
  113  19:55  Baneling  
  113  19:56  Baneling  
  109  20:12  Spire  
  67  20:24  Hydralisk  
  67  20:25  Hydralisk x10  
  89  20:30  Queen  
  86  20:38  Spire  
  82  20:46  Zergling x12  
  82  20:47  Zergling x6  
  81  21:00  Spawning Pool